 Dungeon Crawl Stone Soup version 0.22-a0-833-g8522bf8125 (webtiles) character file.

20 IcyTea the Vexing (level 2, -1/19 HPs)
             Began as a Vampire Enchanter on July 25, 2018.
             Slain by a kobold
             ... wielding a +0 dagger
              (2 damage)
             ... on level 2 of the Dungeon.
             The game lasted 00:04:05 (1566 turns).

IcyTea the Vexing (Vampire Enchanter)               Turns: 1566, Time: 00:04:06

Health: -1/19      AC:  2    Str:  7    XL:     2   Next: 58%
Magic:  3/5        EV: 12    Int: 17    God:
Gold:   70         SH:  0    Dex: 14    Spells: 2/5 levels left

rFire    . . .     SeeInvis +   a - +1 dagger
rCold    . . .     Gourm    .   (no shield)
rNeg     + . .     Faith    .   b - +0 robe
rPois    .         Spirit   .   (no helmet)
rElec    .         Reflect  .   (no cloak)
rCorr    .         Harm     .   (no gloves)
MR       .....                  (no boots)
Stlth    +++.......             (no amulet)
HPRegen  0.06/turn              (no ring)
MPRegen  0.09/turn              (no ring)

@: lethally poisoned (-1 -> -3), very slightly contaminated
A: fangs 3, see invisible, unbreathing
a: no special abilities


You were on level 2 of the Dungeon.
You were not thirsty.

You visited 1 branch of the dungeon, and saw 2 of its levels.

You collected 70 gold pieces.

Inventory:

Hand Weapons
 a - a +1 dagger (weapon)
Armour
 b - a +0 robe (worn)
Scrolls
 f - 3 scrolls of teleportation
 h - a scroll of identify {unknown}
Potions
 d - a potion of ambrosia {unknown}
 e - a potion of might {unknown}
 g - a potion of lignification {unknown}


   Skills:
 + Level 3.0 Short Blades
 - Level 2.1 Dodging
 - Level 4.4 Stealth
 - Level 2.0 Spellcasting
 - Level 4.4 Hexes


You had 2 spell levels left.
You knew the following spells:

 Your Spells              Type           Power        Failure   Level  Hunger
a - Corona                Hex            ###....      3%          1    #......
b - Ensorcelled Hibernat  Hex/Ice        #.....       12%         2    ###....

Your spell library contained the following spells:

 Spells                   Type           Power        Failure   Level  Hunger
 Confuse                  Hex            ###.....     10%         3    ###....
 Tukima's Dance           Hex            ###.....     10%         3    ###....
 Dazzling Spray           Conj/Hex       #.....       24%         3    ###....


Dungeon Overview and Level Annotations

Branches:
Dungeon (2/15)

Altars:
Uskayaw


Innate Abilities, Weirdness & Mutations

You have razor-sharp teeth.
You have supernaturally acute eyesight. (SInv)
You can survive without breathing.


Message History

Aim: an adder (chance to defeat MR: 50%)
You miscast Ensorcelled Hibernation.
Multicoloured lights dance before your eyes!
The adder closely misses you. The kobold hits you but does no damage.
Wield which item (- for none, * to show all)? (? for menu, Esc to quit)
Okay, then.
It was a potion of magic.
Magic courses through your body. The adder closely misses you.
The kobold barely misses you. The adder bites you.
* * * LOW HITPOINT WARNING * * *
Okay, then.
Casting: Ensorcelled Hibernation (safe; 12% risk of failure)
Confirm with . or Enter, or press ? or * to list all spells.
Aiming: Ensorcelled Hibernation (safe; 12% risk of failure)
Press: ? - help, Shift-Dir - straight line, f/p - adder
Aim: an adder (chance to defeat MR: 50%)
The adder looks drowsy...
* * * LOW HITPOINT WARNING * * *
You feel sick. The kobold hits you with a dagger.
You die...

#... #........#........####
.#...##........#............
......#..†.....#............
......#........##...........
...............#.........).. #
.........##...#............ #
.........##...#......#.#... #
#####....#######.####...... .
#........#@.......
#######........#KS......
##...##........#........
##...##.....####........
##...###.....................#
.....+.............####......# ..
##...###...........# #......##.#
#####..............# #..........
...##...........#######......####


You could see an adder (sleeping) and a kobold.

Vanquished Creatures
  An ooze (D:1)
  A dart slug (D:2)
  3 goblins
  2 hobgoblins (D:1)
  2 bats (D:2)
  2 kobolds
  4 rats
15 creatures vanquished.

Notes
Turn   | Place    | Note
-------+----------+-------------------------------------------
     0 | D:1      | IcyTea the Vampire Enchanter began the quest for the Orb.
     0 | D:1      | Reached XP level 1. HP: 13/13 MP: 3/3
   940 | D:1      | Reached XP level 2. HP: 19/19 MP: 5/5
   944 | D:1      | Learned a level 2 spell: Ensorcelled Hibernation
  1231 | D:2      | Found a hide-covered altar of Uskayaw.
  1233 | D:2      | Noticed a hand axe
  1233 | D:2      | Noticed a dagger
  1566 | D:2      | Slain by a kobold

Vault maps used:
D:1:      eino_arrival_water_star, serial_corexii_hall, corexii_hall_statues_x,
          corexii_hall_statues_i, corexii_hall_statues_i,
          corexii_hall_statues_x, corexii_hall_statues_s, corexii_hall_statues_u
D:2:      dancing_weapons_uskayaw, uniq_jessica, uniq_sigmund

Skill      XL: |  1  2 |
---------------+-------+-----
Short Blades   | 2 3 |  3.0
Dodging        | |  2.1
Stealth        | |  4.4
Spellcasting   | |  2.0
Hexes          | |  4.4

Action                   || total
-------------------------++-------
Melee: Dagger            ||    54
       Bite              ||     4
 Cast: Corona            ||     6
       Ensorcelled Hiber ||     4
  Use: Potion            ||     3
       Scroll            ||     2
 Stab: Sleeping          ||     4
  Eat: Corpse            ||     1
Armor: Robe              ||    10
Dodge: Dodged            ||    46

Table legend:
 A = Spawn XP
 B = Non-spawn XP
 C = Spawn XP percentage of total XP
 D = Spawn monster count
 E = Non-spawn monster count
 F = Spawn count percentage of total count
 G = Total turns spent on level
                    A         B        C        D         E        F      G
               +---------+---------+-------+---------+---------+-------+---------
         Total |       0 |      29 |   0.0 |       0 |      15 |   0.0 |  1566
               +---------+---------+-------+---------+---------+-------+---------
           D:1 |       0 |      18 |   0.0 |       0 |       9 |   0.0 |  1121
           D:2 |       0 |      11 |   0.0 |       0 |       6 |   0.0 |   445
               +---------+---------+-------+---------+---------+-------+---------
